3AAA
ATHLETIC CLUB KC RESERVES @ MONONGAHELA MONSTERS
08/01/2042
 
TOP OF THE 1ST
Athletic Club KC Reserves batting - Pitching for Monongahela Monsters : RHP Phil Steur
Pitching: RHP Phil Steur
Batting: RHB Marcos Quintana 0-0: Ball
1-0: Ball
2-0: Foul Ball, location: 2F
2-1: Called Strike
2-2: Fly out, F9 (Flyball, 9D, EV 93.8 MPH)
Batting: SHB Gary Hopkins 0-0: Ball
1-0: Foul Ball, location: 2F
1-1: Called Strike
1-2: Foul Ball, location: 2F
1-2: Strikes out swinging
Batting: RHB Dick Barnett 0-0: Called Strike
0-1: Ball
1-1: Foul Ball, location: 2F
1-2: Strikes out looking
Top of the 1st over - 0 runs, 0 hits, 0 errors, 0 left on base; Athletic Club KC 0 - Monongahela 0
BOTTOM OF THE 1ST
Monongahela Monsters batting - Pitching for Athletic Club KC Reserves : LHP Ian Airy
Pitching: LHP Ian Airy
Batting: RHB Colt Allen 0-0: Ball
1-0: Called Strike
1-1: Foul Ball, location: 2F
1-2: Strikes out swinging
Batting: RHB Román García 0-0: Ball
1-0: Ball
2-0: Ball
3-0: Base on Balls
Batting: RHB Shao Qigang 0-0: Called Strike
0-1: Ball
1-1: SINGLE (Groundball, 6MD, EV 95.0 MPH)
Román García to second
Batting: RHB Richello Oliva 0-0: Foul Ball, location: 2F
0-1: Called Strike
0-2: Ball
1-2: Strikes out swinging
Batting: LHB Royce Foster 0-0: DOUBLE (Line Drive, 3D, EV 103.8 MPH)
Román García scores
Shao Qigang to third
Runner from 3rd tries for Home, throw by RF and OUT! 9-4-2
Bottom of the 1st over - 1 run, 2 hits, 0 errors, 1 left on base; Athletic Club KC 0 - Monongahela 1
TOP OF THE 2ND
Athletic Club KC Reserves batting - Pitching for Monongahela Monsters : RHP Phil Steur
Batting: LHB Oriol Fernández 0-0: Called Strike
0-1: Ground out 4-3 (Groundball, 4MD, EV 100.0 MPH)
Batting: SHB Michael Evershed 0-0: Swinging Strike
0-1: Called Strike
0-2: Strikes out swinging
Batting: LHB Miguel Fernández 0-0: Called Strike
0-1: Ball
1-1: Ground out 6-3 (Groundball, 6, EV 90.6 MPH)
Top of the 2nd over - 0 runs, 0 hits, 0 errors, 0 left on base; Athletic Club KC 0 - Monongahela 1
BOTTOM OF THE 2ND
Monongahela Monsters batting - Pitching for Athletic Club KC Reserves : LHP Ian Airy
Batting: RHB Roger Snodgrass 0-0: Ball
1-0: Ball
2-0: Called Strike
2-1: Ball
3-1: Base on Balls
Batting: RHB Jerry Williams 0-0: Ball
1-0: Ball
2-0: SINGLE (Flyball, 89M, EV 90.0 MPH)
Roger Snodgrass to second
Batting: SHB Roger Dorn 0-0: Ball
1-0: Swinging Strike
1-1: Swinging Strike
1-2: Fly out, F9 (Flyball, 9LS, EV 80.6 MPH)
Batting: SHB Hélio Capriati 0-0: Ball
1-0: Swinging Strike
1-1: Called Strike
1-2: Ball
2-2: Strikes out looking
Batting: RHB Colt Allen 0-0: Fielders Choice at 2nd, 6-4 (Groundball, 56, EV 88.1 MPH)
Bottom of the 2nd over - 0 runs, 1 hit, 0 errors, 2 left on base; Athletic Club KC 0 - Monongahela 1
TOP OF THE 3RD
Athletic Club KC Reserves batting - Pitching for Monongahela Monsters : RHP Phil Steur
Batting: LHB Ted Reed 0-0: Ball
1-0: Foul Ball, location: 2F
1-1: Ball
2-1: Ball
3-1: Foul Ball, location: 2F
3-2: Foul Ball, location: 2F
3-2: Strikes out swinging
Batting: LHB Thomas Nealy 0-0: Foul Ball, location: 2F
0-1: Called Strike
0-2: Ball
1-2: SINGLE (Line Drive, 8RS, EV 103.1 MPH)
Batting: RHB Gabriel Martínez 0-0: Swinging Strike
0-1: Foul Ball, location: 2F
0-2: Foul Ball, location: 2F
0-2: Hit by Pitch
Thomas Nealy to second
Batting: RHB Marcos Quintana 0-0: Ball
1-0: Ball
2-0: Ball
3-0: Base on Balls
Thomas Nealy to third
Gabriel Martínez to second
Batting: SHB Gary Hopkins 0-0: Ball
1-0: Ball
2-0: Ball
3-0: Called Strike
3-1: SINGLE (Flyball, 8LS, EV 94.4 MPH)
Thomas Nealy scores
Gabriel Martínez to third
Marcos Quintana to second
Runner from 3rd tries for Home, SAFE, no throw by CF
Batting: RHB Dick Barnett 0-0: Called Strike
0-1: Ball
1-1: Foul Ball, location: 2F
1-2: Ball
2-2: Ball
3-2: DOUBLE (Flyball, 8RXD, EV 96.2 MPH)
Marcos Quintana scores
Gary Hopkins to third
Batting: LHB Oriol Fernández 0-0: Ball
1-0: SINGLE (Flyball, 89S, EV 91.9 MPH)
Gary Hopkins scores
Dick Barnett to third
Batting: SHB Michael Evershed 0-0: Ball
1-0: Called Strike
1-1: 3-RUN HOME RUN (Line Drive, 9LD, EV 95.6 MPH), Distance : 354 ft
Pitching: RHP Ivano Carbonetti
Batting: LHB Miguel Fernández 0-0: Called Strike
0-1: Ball
1-1: DOUBLE (Line Drive, 89XD, EV 104.4 MPH)
Batting: LHB Ted Reed 0-0: Called Strike
0-1: Swinging Strike
0-2: Strikes out swinging
Batting: LHB Thomas Nealy 0-0: Ball
1-0: Foul Ball, location: 2F
1-1: Foul Ball, location: 2F
1-2: Ball
2-2: Ball
3-2: Foul Ball, location: 2F
3-2: Base on Balls
Batting: RHB Gabriel Martínez 0-0: Called Strike
0-1: Ball
1-1: Called Strike
1-2: Ball
2-2: Foul Ball, location: 2F
2-2: Strikes out swinging
Top of the 3rd over - 7 runs, 6 hits, 0 errors, 2 left on base; Athletic Club KC 7 - Monongahela 1
BOTTOM OF THE 3RD
Monongahela Monsters batting - Pitching for Athletic Club KC Reserves : LHP Ian Airy
Batting: RHB Román García 0-0: Ball
1-0: Ground out 5-3 (Groundball, 56S, EV 78.8 MPH)
Batting: RHB Shao Qigang 0-0: Ground out 4-3 (Groundball, 4, EV 101.9 MPH)
Batting: RHB Richello Oliva 0-0: Called Strike
0-1: Called Strike
0-2: Ball
1-2: Foul Ball, location: 2F
1-2: Ball
2-2: Ground out 2-3 (Groundball, 13S, EV 75.0 MPH)
Bottom of the 3rd over - 0 runs, 0 hits, 0 errors, 0 left on base; Athletic Club KC 7 - Monongahela 1
TOP OF THE 4TH
Athletic Club KC Reserves batting - Pitching for Monongahela Monsters : RHP Ivano Carbonetti
Batting: RHB Marcos Quintana 0-0: Ball
1-0: SINGLE (Groundball, 6D, EV 101.9 MPH)
Batting: SHB Gary Hopkins 0-0: Swinging Strike
0-1: Foul Ball, location: 2F
0-2: Ball
1-2: Strikes out swinging
Batting: RHB Dick Barnett 0-0: Called Strike
0-1: Ball
1-1: Ball
2-1: Called Strike
2-2: Ball
3-2: Strikes out swinging
Marcos Quintana steals 2nd base
Batter strikes out.
Batting: LHB Oriol Fernández 0-0: Fly out, F6 (Popup, P, EV 83.1 MPH)
Top of the 4th over - 0 runs, 1 hit, 0 errors, 1 left on base; Athletic Club KC 7 - Monongahela 1
BOTTOM OF THE 4TH
Monongahela Monsters batting - Pitching for Athletic Club KC Reserves : LHP Ian Airy
Batting: LHB Royce Foster 0-0: Ball
1-0: Ball
2-0: Ball
3-0: Base on Balls
Batting: RHB Roger Snodgrass 0-0: Grounds into double play, 6-4-3 (Groundball, 6M, EV 105.6 MPH)
Batting: RHB Jerry Williams 0-0: Ball
1-0: SINGLE (Groundball, 34D, EV 103.8 MPH)
Batting: SHB Roger Dorn 0-0: Ball
1-0: Called Strike
1-1: Ball
2-1: Swinging Strike
2-2: Ball
3-2: Foul Ball, location: 2F
3-2: Foul Ball, location: 2F
3-2: Base on Balls
Jerry Williams to second
Batting: SHB Hélio Capriati 0-0: Ball
1-0: Ball
2-0: Foul Ball, location: 2F
2-1: Ball
3-1: Fly out, F7 (Flyball, 78M, EV 93.8 MPH)
Bottom of the 4th over - 0 runs, 1 hit, 0 errors, 2 left on base; Athletic Club KC 7 - Monongahela 1
TOP OF THE 5TH
Athletic Club KC Reserves batting - Pitching for Monongahela Monsters : RHP Ivano Carbonetti
Batting: SHB Michael Evershed 0-0: Ball
1-0: Swinging Strike
1-1: Ground out 4-3 (Groundball, 4, EV 85.0 MPH)
Batting: LHB Miguel Fernández 0-0: Ball
1-0: Swinging Strike
1-1: Ball
2-1: Ball
3-1: Ground out 5-3 (Groundball, 5L, EV 78.1 MPH)
Batting: LHB Ted Reed 0-0: Ball
1-0: Called Strike
1-1: Fly out, F8 (Flyball, 78M, EV 84.4 MPH)
Top of the 5th over - 0 runs, 0 hits, 0 errors, 0 left on base; Athletic Club KC 7 - Monongahela 1
BOTTOM OF THE 5TH
Monongahela Monsters batting - Pitching for Athletic Club KC Reserves : LHP Ian Airy
Batting: RHB Colt Allen 0-0: Swinging Strike
0-1: Called Strike
0-2: Strikes out swinging
Batting: RHB Román García 0-0: Fly out, F8 (Flyball, 8RD, EV 101.2 MPH)
Batting: RHB Shao Qigang 0-0: Ball
1-0: Foul Ball, location: 2F
1-1: Ground out 6-3 (Groundball, 6MD, EV 86.9 MPH)
Bottom of the 5th over - 0 runs, 0 hits, 0 errors, 0 left on base; Athletic Club KC 7 - Monongahela 1
TOP OF THE 6TH
Athletic Club KC Reserves batting - Pitching for Monongahela Monsters : RHP Ivano Carbonetti
Pitching: LHP Alfredo Córdova
Batting: LHB Thomas Nealy 0-0: Reached on error, E4 (Groundball, 4, EV 91.9 MPH)
Batting: RHB Gabriel Martínez 0-0: Called Strike
0-1: Foul Ball, location: 2F
0-2: Foul Ball, location: 2F
0-2: Ball
1-2: Strikes out looking
Batting: RHB Marcos Quintana 0-0: Reached on error, E9 (Flyball, 9D, EV 97.5 MPH)
Thomas Nealy to third
Batting: SHB Gary Hopkins 0-0: Ball
1-0: Called Strike
1-1: Foul Ball, location: 2F
1-2: Ball
2-2: Foul Ball, location: 2F
2-2: Ball
3-2: Ground out 5-3 (Groundball, 56, EV 79.4 MPH)
Thomas Nealy scores
Batting: RHB Dick Barnett 0-0: Ball
1-0: Swinging Strike
1-1: Ball
2-1: Swinging Strike
2-2: Ball
3-2: Base on Balls
Batting: LHB Oriol Fernández 0-0: Called Strike
0-1: Fly out, F6 (Line Drive, 6, EV 75.6 MPH)
Top of the 6th over - 1 run, 0 hits, 2 errors, 2 left on base; Athletic Club KC 8 - Monongahela 1
BOTTOM OF THE 6TH
Monongahela Monsters batting - Pitching for Athletic Club KC Reserves : LHP Ian Airy
Batting: RHB Richello Oliva 0-0: Ball
1-0: Foul Ball, location: 2F
1-1: Called Strike
1-2: Ground out 5-3 (Groundball, 56, EV 79.4 MPH)
Batting: LHB Royce Foster 0-0: Ball
1-0: Ball
2-0: Ball
3-0: Swinging Strike
3-1: DOUBLE (Line Drive, 7LS, EV 96.2 MPH)
Batting: RHB Roger Snodgrass 0-0: Ball
Royce Foster steals 3rd base
1-0: Ball
2-0: Fly out, F8 (Flyball, 8RXD, EV 75.6 MPH)
Runner from 3rd tags up, SCORES, no throw by CF
Batting: RHB Jerry Williams 0-0: Ball
1-0: Called Strike
1-1: Ground out 5-3 (Groundball, 56, EV 96.9 MPH)
Bottom of the 6th over - 1 run, 1 hit, 0 errors, 0 left on base; Athletic Club KC 8 - Monongahela 2
TOP OF THE 7TH
Athletic Club KC Reserves batting - Pitching for Monongahela Monsters : LHP Alfredo Córdova
Batting: SHB Michael Evershed 0-0: Ball
1-0: Ball
2-0: Called Strike
2-1: Called Strike
2-2: Ball
3-2: Strikes out swinging
Pitching: LHP Luis Oropeza
Batting: LHB Miguel Fernández 0-0: Ground out 5-3 (Groundball, 56, EV 85.6 MPH)
Batting: LHB Ted Reed 0-0: Ball
1-0: Called Strike
1-1: Ball
2-1: Ball
3-1: Foul Ball, location: 2F
3-2: Fly out, F8 (Flyball, 8LD, EV 90.0 MPH)
Top of the 7th over - 0 runs, 0 hits, 0 errors, 0 left on base; Athletic Club KC 8 - Monongahela 2
BOTTOM OF THE 7TH
Monongahela Monsters batting - Pitching for Athletic Club KC Reserves : LHP Ian Airy
Batting: SHB Roger Dorn 0-0: Ball
1-0: Called Strike
1-1: Ground out 4-3 (Groundball, 4, EV 85.6 MPH)
Batting: SHB Hélio Capriati 0-0: Ball
1-0: Foul Ball, location: 2F
1-1: Ball
2-1: Hit by Pitch
Batting: RHB Colt Allen 0-0: Called Strike
0-1: SINGLE (Groundball, 34D, EV 105.6 MPH)
Hélio Capriati to second
Runner from 2nd tries for 3rd, SAFE, throw by RF made to third
Batting: RHB Román García 0-0: Ball
1-0: Ball
2-0: Called Strike
2-1: Ball
3-1: Foul Ball, location: 2F
3-2: Base on Balls
Colt Allen to second
Pitching: RHP Lucas Thomas
Batting: RHB Shao Qigang 0-0: Ball
1-0: Foul Ball, location: 2F
1-1: Called Strike
1-2: Ball
2-2: Ball
3-2: Grounds into double play, 1-2-3 (Groundball, 34S, EV 85.6 MPH)
Bottom of the 7th over - 0 runs, 1 hit, 0 errors, 2 left on base; Athletic Club KC 8 - Monongahela 2
TOP OF THE 8TH
Athletic Club KC Reserves batting - Pitching for Monongahela Monsters : LHP Luis Oropeza
Batting: LHB Thomas Nealy 0-0: Ball
1-0: Swinging Strike
1-1: Foul Ball, location: 2F
1-2: Ball
2-2: Strikes out looking
Batting: RHB Gabriel Martínez 0-0: Called Strike
0-1: Ball
1-1: Ball
2-1: Fly out, F8 (Flyball, 8RM, EV 93.1 MPH)
Batting: RHB Marcos Quintana 0-0: Ground out 4-3 (Groundball, 34, EV 100.0 MPH)
Top of the 8th over - 0 runs, 0 hits, 0 errors, 0 left on base; Athletic Club KC 8 - Monongahela 2
BOTTOM OF THE 8TH
Monongahela Monsters batting - Pitching for Athletic Club KC Reserves : RHP Lucas Thomas
Batting: RHB Richello Oliva 0-0: Ball
1-0: Ground out 6-3 (Groundball, 6, EV 83.1 MPH)
Batting: LHB Royce Foster 0-0: Ball
1-0: Ball
2-0: Ball
3-0: Fly out, F7 (Flyball, 7, EV 81.2 MPH)
Batting: RHB Roger Snodgrass 0-0: Swinging Strike
0-1: Foul Ball, location: 2F
0-2: Ball
1-2: Ball
2-2: Ball
3-2: Base on Balls
Batting: RHB Jerry Williams 0-0: Foul Ball, location: 2F
0-1: Called Strike
0-2: Fly out, F6 (Flyball, 6MD, EV 89.4 MPH)
Bottom of the 8th over - 0 runs, 0 hits, 0 errors, 1 left on base; Athletic Club KC 8 - Monongahela 2
TOP OF THE 9TH
Athletic Club KC Reserves batting - Pitching for Monongahela Monsters : LHP Luis Oropeza
Batting: SHB Gary Hopkins 0-0: Foul Ball, location: 2F
0-1: Foul Ball, location: 2F
0-2: Ball
1-2: Ball
2-2: Foul Ball, location: 2F
2-2: Foul Ball, location: 2F
2-2: SINGLE (Line Drive, 89S, EV 96.2 MPH)
Pitching: LHP Matèa Agani
Batting: RHB Dick Barnett 0-0: Ball
1-0: Ball
2-0: Called Strike
2-1: Foul Ball, location: 2F
2-2: SINGLE (Groundball, 56D, EV 96.9 MPH)
Gary Hopkins to second
Batting: LHB Oriol Fernández 0-0: Foul Ball, location: 2F
0-1: Foul Ball, location: 2F
0-2: Strikes out swinging
Batting: SHB Michael Evershed 0-0: Called Strike
0-1: Ball
Wild Pitch!
Gary Hopkins to third
Dick Barnett to second
1-1: Called Strike
1-2: Foul Ball, location: 2F
1-2: Strikes out swinging
Batting: LHB Miguel Fernández 0-0: Fly out, F7 (Flyball, 7LSF, EV 80.6 MPH)
Top of the 9th over - 0 runs, 2 hits, 0 errors, 2 left on base; Athletic Club KC 8 - Monongahela 2
BOTTOM OF THE 9TH
Monongahela Monsters batting - Pitching for Athletic Club KC Reserves : RHP Lucas Thomas
Batting: SHB Roger Dorn 0-0: Ball
1-0: Ball
2-0: Foul Ball, location: 2F
2-1: Ball
3-1: Base on Balls
Batting: SHB Hélio Capriati 0-0: Grounds into double play, 6-4-3 (Groundball, 6, EV 86.9 MPH)
Batting: RHB Colt Allen 0-0: Foul Ball, location: 2F
0-1: Ball
1-1: Called Strike
1-2: SINGLE (Line Drive, 4MD, EV 101.9 MPH)
Batting: RHB Román García 0-0: Ball
1-0: Called Strike
1-1: TRIPLE (Line Drive, 78XD, EV 103.8 MPH)
Colt Allen scores
Batting: RHB Shao Qigang 0-0: Ground out U3 (Groundball, 3, EV 84.4 MPH)
Bottom of the 9th over - 1 run, 2 hits, 0 errors, 1 left on base; Athletic Club KC 8 - Monongahela 3
Friday, March 26th, 2021 - OOTP Baseball 20.8 Build 74